 Dungeon Crawl Stone Soup version 0.20.0-10-g0535bb4 (webtiles) character file.

4488 Gorglomux the Grappler (level 10, -1/98 HPs)
             Began as a Troll Venom Mage on June 7, 2017.
             Was a Priest of Cheibriados.
             Killed by divine providence
             ... invoked by an orc priest
              (16 damage)
             ... on level 9 of the Dungeon.
             The game lasted 00:10:56 (5987 turns).

Gorglomux the Grappler (Troll Venom Mage)           Turns: 5987, Time: 00:10:57

Health: -1/98      AC:  6    Str: 25    XL:     10   Next: 16%
Magic:  10/10      EV: 10    Int: 16    God:    Cheibriados [***...]
Gold:   508        SH:  0    Dex: 25    Spells: 10/11 levels left

rFire    . . .     SeeInvis .     - Unarmed
rCold    + . .     Gourm    +   (no shield)
rNeg     . . .     Faith    .   W - +1 robe of Summer {+Fly rC+ Dex+5 Stlth-}
rPois    .         Spirit   .   (helmet restricted)
rElec    .         Reflect  .   (no cloak)
rCorr    .         Harm     .   (gloves unavailable)
MR       +....                  (boots unavailable)
Stlth    +.........             (no amulet)
Regen    0.7/turn               m - ring of protection from magic
MPRegen  0.2/turn               L - -2 ring of intelligence (curse)

@: lethally poisoned (-1 -> -1), very slow
A: unfitting armour, claws 3, fast metabolism 3, gourmand, regeneration 1,
shaggy fur 1, tough skin 2
a: Bend Time, Temporal Distortion, Renounce Religion, Evoke Flight


You were on level 9 of the Dungeon.
You worshipped Cheibriados.
Cheibriados was most pleased with you.
You were completely stuffed.

You visited 2 branches of the dungeon, and saw 10 of its levels.

You collected 508 gold pieces.

Inventory:

Missiles
 Z - a throwing net (quivered)
Armour
 a - a +0 robe
 W - the +1 robe of Summer (worn) {+Fly rC+ Dex+5 Stlth-}
   (You found it on level 6 of the Dungeon)

   It affects your dexterity (+5).
   It protects you from cold.
   It lets you fly.
   It makes you less stealthy.
Jewellery
 m - a ring of protection from magic (left claw)
 F - an uncursed ring of magical power {unknown}
 L - a cursed -2 ring of intelligence (right claw)
Wands
 N - a wand of disintegration (7/24)
 P - a wand of paralysis (5/24)
 Y - a wand of paralysis (17/24)
Scrolls
 B - a scroll of blinking
 C - a scroll of fear
 G - 5 scrolls of remove curse
 H - 2 scrolls of immolation {unknown}
 M - 5 scrolls of magic mapping
 O - a scroll of summoning {unknown}
 R - 9 scrolls of identify
 T - 3 scrolls of teleportation
 U - 3 scrolls of enchant armour {unknown}
 V - a scroll of recharging {unknown}
Potions
 J - a potion of berserk rage {unknown}
 K - 2 potions of heal wounds
 Q - a potion of mutation {unknown}
 X - a potion of cancellation
Books
 b - a Young Poisoner's Handbook

   Spells                             Type                      Level
   a - Sting                          Conjuration/Poison           1
   b - Poisonous Vapours              Poison/Air                   2
   c - Mephitic Cloud                 Conjuration/Poison/Air       3
   d - Olgreb's Toxic Radiance        Poison                       4
   e - Venom Bolt                     Conjuration/Poison           5
 S - a book of Flames

   Spells                             Type                      Level
   a - Flame Tongue                   Conjuration/Fire             1
   b - Throw Flame                    Conjuration/Fire             2
   c - Conjure Flame                  Conjuration/Fire             3
   d - Inner Flame                    Hexes/Fire                   3
   e - Sticky Flame                   Conjuration/Fire             4
   f - Fireball                       Conjuration/Fire             5
Comestibles
 c - 4 bread rations
 f - 5 royal jellies
 i - 7 fruits
 z - 3 meat rations
 I - 3 chunks of flesh


   Skills:
 + Level 6.1 Fighting
 - Level 1.5 Dodging
 - Level 1.0 Stealth
 + Level 12.5 Unarmed Combat
 - Level 1.2 Spellcasting
 - Level 0.6 Conjurations
 - Level 2.1 Poison Magic


You had 10 spell levels left.
You knew the following spells:

 Your Spells              Type           Power        Failure   Level  Hunger
a - Sting                 Conj/Pois      #...         13%         1    ##.....


Dungeon Overview and Level Annotations

Branches:
Dungeon (9/15)             Temple (1/1) D:6            Lair (0/6) D:8
    Orc: D:9-12

Altars:
Cheibriados
Dithmenos
Fedhas
Sif Muna
Trog
Zin

Shops:
D:5 =   D:8 *


Innate Abilities, Weirdness & Mutations

You are too large for most types of armour.
You have claws for hands.
Your metabolism is lightning-fast.
You like to eat raw meat.
Your natural rate of healing is unusually fast.
You are covered in fur. (AC +1)
You have very tough skin. (AC +2)


Message History

You feel sick.
You claw the orc warrior!
The orc warrior is almost dead.
The orc warrior hits you with a battleaxe!!
* * * LOW HITPOINT WARNING * * *
You scratch the orc warrior but do no damage.
The orc warrior is almost dead.
The orc warrior hits you with a battleaxe!
* * * LOW HITPOINT WARNING * * *
You mangle the orc warrior!!
You kill the orc warrior!
Cheibriados appreciates the change of pace.
You feel sick.
You claw the orc priest!
The orc priest is heavily wounded.
You barely miss the orc priest.
The orc priest is heavily wounded.
The orc priest calls down the wrath of Beogh upon you.
Beogh smites you!
You die...

...# #...#
...# #...#
...# #...#
#...#
###+####...#
...........#
...........#
..<#+#####.#
. #@# #o#
#o. #...
....# ....#
....# .....#


You could see 2 orc priests.

Vanquished Creatures
  A two-headed ogre (D:8)
  A rime drake (D:8)
  A troll (D:9)
  Grinder (D:3)
  A hippogriff (D:6)
  A hog (D:8)
  3 wargs (D:8)
  2 steam dragons (D:5)
  Menkaure (D:5)
  The ghost of Quirk the Skirmisher, an amateur GrFi (D:4)
  2 orc warriors
  2 centaurs
  3 bullfrogs
  An electric eel (D:7)
  3 howler monkeys (D:8)
  4 crimson imps
  2 jellies
  7 orc priests
  2 hounds
  7 orc wizards
  5 bullfrog skeletons
  4 iguanas
  6 worker ants
  A hound skeleton (D:8)
  A worker ant zombie (D:5)
  11 adders
  A gnoll (D:1)
  An adder zombie (D:5)
  2 worms
  6 dart slugs
  2 leopard geckos
  25 orcs
  4 bats
  4 giant cockroaches
  6 goblins
  9 hobgoblins
  7 jackals
  8 kobolds
  4 quokkas
  4 frilled lizards
  A jackal skeleton (D:8)
  8 rats
166 creatures vanquished.

Vanquished Creatures (others)
  A fungus (D:5)
1 creature vanquished.

Grand Total: 167 creatures vanquished

Notes
Turn   | Place    | Note
-------+----------+-------------------------------------------
     0 | D:1      | Gorglomux the Troll Venom Mage began the quest for the Orb.
     0 | D:1      | Reached XP level 1. HP: 16/16 MP: 1/1
    39 | D:1      | Reached skill level 1 in Unarmed Combat
   223 | D:1      | Reached XP level 2. HP: 18/24 MP: 2/2
   263 | D:1      | Reached skill level 2 in Unarmed Combat
   480 | D:1      | Reached XP level 3. HP: 26/31 MP: 3/3
   804 | D:2      | Reached skill level 3 in Unarmed Combat
   871 | D:2      | Found a faded altar of an unknown god.
   940 | D:2      | Reached XP level 4. HP: 35/39 MP: 4/4
  1435 | D:2      | Found a deep blue altar of Sif Muna.
  1508 | D:2      | Reached skill level 4 in Unarmed Combat
  1734 | D:2      | Found a shadowy altar of Dithmenos.
  1735 | D:2      | Found a bloodstained altar of Trog.
  1923 | D:3      | Reached XP level 5. HP: 45/45 MP: 5/5
  1932 | D:3      | Reached skill level 5 in Unarmed Combat
  2065 | D:3      | Noticed Grinder
  2077 | D:3      | Paralysed by Grinder for 4 turns
  2084 | D:3      | Killed Grinder
  2084 | D:3      | Reached skill level 6 in Unarmed Combat
  2084 | D:3      | Reached XP level 6. HP: 41/53 MP: 6/6
  2565 | D:4      | Reached skill level 7 in Unarmed Combat
  2644 | D:4      | Noticed Quirk's ghost (amateur GrFi)
  2658 | D:4      | Killed Quirk's ghost
  2658 | D:4      | Reached XP level 7. HP: 44/59 MP: 7/7
  2909 | D:4      | Found a snail-covered altar of Cheibriados.
  2916 | D:4      | Became a worshipper of Cheibriados the Contemplative
  3082 | D:5      | Entered Level 5 of the Dungeon
  3109 | D:5      | Reached skill level 8 in Unarmed Combat
  3283 | D:5      | Noticed a steam dragon
  3288 | D:5      | Noticed a steam dragon
  3301 | D:5      | Killed a steam dragon
  3316 | D:5      | Killed a steam dragon
  3316 | D:5      | Reached skill level 9 in Unarmed Combat
  3316 | D:5      | Reached XP level 8. HP: 53/67 MP: 8/8
  3360 | D:5      | Noticed Menkaure
  3368 | D:5      | Killed Menkaure
  3540 | D:5      | Found Tuclar's Jewellery Boutique.
  3762 | D:6      | Noticed a hippogriff
  3771 | D:6      | Killed a hippogriff
  3771 | D:6      | Reached skill level 10 in Unarmed Combat
  3900 | D:6      | Got a sheer robe
  3916 | D:6      | Identified the cursed +1 robe of Summer {+Fly rC+ Dex+5 Stlth-} (You found it on level 6 of the Dungeon)
  3963 | D:6      | Reached * piety under Cheibriados
  4085 | D:6      | Reached skill level 1 in Fighting
  4209 | D:6      | Found a staircase to the Ecumenical Temple.
  4220 | Temple   | Entered the Ecumenical Temple
  4590 | D:7      | Found a shadowy altar of Dithmenos.
  4628 | D:7      | Found a snail-covered altar of Cheibriados.
  4700 | D:7      | Reached skill level 11 in Unarmed Combat
  4700 | D:7      | Reached XP level 9. HP: 80/80 MP: 9/9
  5006 | D:8      | Noticed a two-headed ogre
  5012 | D:8      | Killed a two-headed ogre
  5037 | D:8      | Found Zin's Purification Station.
  5040 | D:8      | Found a glowing silver altar of Zin.
  5224 | D:8      | Reached ** piety under Cheibriados
  5320 | D:8      | Found a staircase to the Lair.
  5329 | D:8      | Reached skill level 12 in Unarmed Combat
  5441 | D:8      | Noticed a rime drake
  5446 | D:8      | Killed a rime drake
  5482 | D:8      | Reached *** piety under Cheibriados
  5514 | D:8      | Reached XP level 10. HP: 33/98 MP: 10/10
  5662 | D:8      | Noticed a six-headed hydra
  5822 | D:9      | Reached skill level 6 in Fighting
  5903 | D:9      | Found a blossoming altar of Fedhas.
  5987 | D:9      | Killed from afar by an orc priest

Skill      XL: |  1  2  3  4  5  6  7  8  9 10 |
---------------+-------------------------------+-----
Unarmed Combat | 1 2 3 4 6 7 9 11 12 | 12.5
Fighting       | 2 5 6 |  6.1
Dodging        | |  1.5
Stealth        | |  1.0
Spellcasting   | |  1.2
Conjurations   | |  0.6
Poison Magic   | |  2.1

Action                   |  1- 3 |  4- 6 |  7- 9 | 10-12 || total
-------------------------+-------+-------+-------+-------++-------
Melee: Unarmed           |    89 |   119 |   240 |    41 ||   489
       Punch             |       |     2 |    15 |     2 ||    19
Evoke: Wand              |       |       |     2 |     2 ||     4
  Use: Potion            |       |     1 |     6 |     1 ||     8
       Scroll            |       |       |     7 |     2 ||     9
 Stab: Sleeping          |       |     1 |       |     1 ||     2
       Distracted        |       |     1 |       |       ||     1
       Paralysed         |       |       |     3 |     2 ||     5
  Eat: Chunk             |    14 |    14 |    24 |     3 ||    55
Armor: Robe              |    21 |    36 |    61 |    14 ||   132
       Skin              |       |       |    20 |       ||    20
Dodge: Dodged            |    38 |    91 |   126 |    23 ||   278
